 Dungeon Crawl Stone Soup version 0.30-a0-782-ge64f9170bb (webtiles) character file.

Game seed: 14928315391006079381

370 Leeroy the Changer (level 6, -1/38 HPs)
             Began as an Octopode Transmuter on Feb 22, 2023.
             Was an Initiate of Wu Jian.
             Slain by a gnoll
             ... wielding a +0 spear
              (6 damage)
             ... on level 5 of the Dungeon.
             The game lasted 00:04:28 (3291 turns).

Leeroy the Changer (Octopode Transmuter)            Turns: 3291, Time: 00:04:28

Health: -1/38      AC:  2    Str:  9    XL:     6   Next: 70%
Magic:  9/11       EV: 19    Int: 16    God:    Wu Jian [......]
Gold:   230        SH:  0    Dex: 19    Spells: 7/11 levels left

rFire   . . .      SeeInvis .      - Unarmed
rCold   . . .      Faith    .    (shield currently unavailable)
rNeg    . . .      Spirit   .    (helmet currently unavailable)
rPois   .          Reflect  .    (no amulet)
rElec   .          Harm     .    f - ring of resist corrosion
rCorr   +          Rampage  .    j - ring of poison resistance
Will    .....                    o - +4 ring of slaying
Stlth   ++                       (no ring)
HPRegen 0.26/turn                (no ring)
MPRegen 0.12/turn                (no ring)
                                 (no ring)
                                 (no ring)

@: spider-form (expiring)
A: venomous fangs, almost no armour, (amphibious), 8 rings, tiny, (camouflage
1), (gelatinous body 1), (nimble swimmer 1), (tentacles)
a: End Transformation, Renounce Religion


You were on level 5 of the Dungeon.
You worshipped Wu Jian.
Wu Jian was noncommittal.
You were a venomous arachnid creature.
You visited 1 branch of the dungeon, and saw 5 of its levels.

You collected 230 gold pieces.

Inventory:

Hand Weapons
 n - a +2 short sword of speed
 q - a +0 dagger of speed
Magical Staves
 b - a staff of conjuration
 k - a staff of poison
Jewellery
 f - a ring of resist corrosion (left front pincers)
 j - a ring of poison resistance (right front pincers)
 o - a +4 ring of slaying (on tentacle)
Wands
 y - a wand of polymorph (7)
Scrolls
 d - 2 scrolls of silence {unknown}
 g - 4 scrolls of teleportation {unknown}
 i - 3 scrolls of identify {unknown}
 l - 2 scrolls of brand weapon {unknown}
 m - a scroll of immolation {unknown}
 p - a scroll of blinking {unknown}
 r - 3 scrolls of fear {unknown}
 u - 2 scrolls of enchant armour {unknown}
 v - a scroll of magic mapping {unknown}
 w - a scroll of noise {unknown}
 x - a scroll of fog {unknown}
Potions
 a - a potion of lignification
 c - a potion of might {unknown}
 e - a potion of degeneration {unknown}
 h - 3 potions of curing {unknown}
 s - a potion of haste {unknown}
 t - a potion of berserk rage {unknown}


   Skills:
 - Level 1.0 Fighting
 - Level 2.0 Dodging
 - Level 4.4 Unarmed Combat
 - Level 3.4 Spellcasting
 * Level 4.6 Transmutations
 - Level 2.0 Poison Magic


You had 7 spell levels left.
You knew the following spells:

 Your Spells              Type           Power      Damage    Failure   Level
a - Beastly Appendage     Tmut           34%        N/A       10%         1
b - Spider Form           Tmut/Pois      13%        N/A       30%         3

Your spell library contained the following spells:

 Spells                   Type           Power      Damage    Failure   Level
 Wereblood                Tmut           17%        N/A       13%         2
 Frozen Ramparts          Ice            4%         1d1       69%         3
 Ice Form                 Ice/Tmut       10%        N/A       77%         4
 Alistair's Intoxication  Tmut/Pois      8%         N/A       90%         5
 Summon Ice Beast         Ice/Summ       2%         N/A       96%         4
 Borgnjor's Vile Clutch   Necr/Erth      1%         N/A       100%        5
 Eringya's Noxious Bog    Tmut/Pois      6%         N/A       100%        6


Dungeon Overview and Level Annotations

Branches:
Dungeon (5/15)
 Temple: D:4-7

Altars:
Sif Muna
Uskayaw
Vehumet
Wu Jian
Yredelemnul


Innate Abilities, Weirdness & Mutations

You are a venomous arachnid creature.
You have venomous fangs.
You are tiny and dextrous.
Your spellcasting is less reliable in this form.
Your armour is entirely melded.
You are incapable of wielding weapons or throwing items.
You cannot wear most types of armour.
((You are amphibious.))
You can wear up to eight rings at the same time.
((Your skin changes colour to match your surroundings (Stealth+).))
((Your rubbery body absorbs attacks. (AC +1, EV +1)))
((You are camouflaged when in or above water. (Stealth+)))
((You have tentacles for arms and can constrict up to eight enemies at once.))


Message History

The Council accepts your kill.
You open the door. 4 gnolls come into view.
You lunge at the gnoll.
You closely miss the gnoll.
The gnoll shouts! x2
Your grab misses the gnoll. You squeeze the gnoll.
The gnoll is moderately wounded.
The gnoll hits you with a +0 club!
There is an open door, spattered with blood here.
You tentacle-slap the gnoll. You grab the gnoll.
The gnoll is severely wounded.
You constrict the gnoll. The gnoll hits you with a +0 club!
You release your grip on the gnoll.
The gnoll attacks as you move away! The gnoll completely misses you.
You bludgeon the gnoll!
You kill the gnoll!
The Council accepts your kill.
The gnoll hits you from afar with a +0 spear!
The gnoll attacks as you move away! The gnoll closely misses you.
The gnoll hits you with a +0 whip!
* * * LOW HITPOINT WARNING * * *
The gnoll hits you from afar with a +0 spear.
* * * LOW HITPOINT WARNING * * *
Okay, then.
Casting: Spider Form (quite dangerous; 13% risk of failure)
Confirm with . or Enter, or press ? or * to list all spells.
Okay, then.
Okay, then.
Casting: Spider Form (quite dangerous; 13% risk of failure)
Confirm with . or Enter, or press ? or * to list all spells.
The spell is quite dangerous to miscast (13% risk of failure)!
Continue anyway?
You turn into a venomous arachnid creature.
The gnoll closely misses you. The gnoll misses you.
The gnoll attacks as you move away! The gnoll misses you.
Your transformation is almost over.
There is a stone staircase leading up here.
The gnoll hits you with a +0 whip.
* * * LOW HITPOINT WARNING * * *
The gnoll hits you from afar with a +0 spear.
You die...

...##.....##...##....#.#
...##..<..##...##..†...###
....#................#...##..
....#.....................'...
....#...............#.....#...
....'...............#.....# ..
...####+######'##gg.##...##
...##.....###..##g..##...###
................s...........
............................
...##.......................
#####...##.####.....###....#
...##...##)####.....# ###'#
........#))..#........# .
........#....#........#
........#....#........#
........#....#........#


You could see 3 gnolls.

Vanquished Creatures
  A necrophage (D:4)
  3 hounds (D:5)
  2 orc priests
  An iguana (D:5)
  An orc wizard (D:5)
  A gnoll (D:5)
  3 adders
  A worm (D:4)
  A dart slug (D:4)
  10 orcs
  5 endoplasms
  10 goblins
  5 hobgoblins
  2 jackals (D:3)
  2 quokkas
  2 ball pythons (D:1)
  6 bats
  5 frilled lizards
  4 kobolds
  2 rats (D:2)
67 creatures vanquished.

Notes
Turn   | Place    | Note
-------+----------+-------------------------------------------
     0 | D:1      | Leeroy the Octopode Transmuter began the quest for the Orb.
     0 | D:1      | Reached XP level 1. HP: 13/13 MP: 3/3
   137 | D:1      | Reached XP level 2. HP: 16/18 MP: 3/5
   785 | D:2      | Reached XP level 3. HP: 21/23 MP: 6/6
  1059 | D:2      | Learned a level 3 spell: Spider Form
  1136 | D:3      | Reached skill level 1 in Poison Magic
  1217 | D:3      | Reached XP level 4. HP: 28/28 MP: 7/7
  1586 | D:3      | Found an ornate altar of the Wu Jian Council.
  1677 | D:3      | Became a worshipper of the Wu Jian Council
  2097 | D:5      | Entered Level 5 of the Dungeon
  2492 | D:3      | Reached XP level 5. HP: 14/33 MP: 8/8
  2880 | D:4      | Found a shimmering blue altar of Sif Muna.
  2882 | D:4      | Found a radiant altar of Vehumet.
  2910 | D:4      | Found a basalt altar of Yredelemnul.
  2964 | D:5      | Noticed an ogre
  3028 | D:5      | Reached XP level 6. HP: 24/38 MP: 6/10
  3238 | D:5      | Found a hide-covered altar of Uskayaw.
  3291 | D:5      | Slain by a gnoll

Illustrated notes

Levels and vault maps discovered:
D:1:      dpeg_arrival_refuge, layout_loops_ring
D:2:      layout_rooms
D:3:      layout_rooms, nicolae_wu_jian_immortal_techniques,
          uniq_crazy_yiuf_cottage
D:4:      layout_basic, nicolae_overflow_hidden_temple
D:5:      layout_gridville, lemuel_crystal_altar,
          nicolae_uskayaw_murder_on_the_dancefloor

Skill      XL: |  1  2  3  4  5 |
---------------+----------------+-----
Unarmed Combat | 4 |  4.4
Poison Magic   | 1 2 |  2.0
Transmutations | 4 |  4.6
Spellcasting   | 3 |  3.4
Fighting       | |  1.0
Dodging        | |  2.0

Action                     |  1- 3 |  4- 6 || total
---------------------------+-------+-------++-------
  Melee: Unarmed           |    66 |    74 ||   140
         Constrict         |    16 |    13 ||    29
         Punch             |     2 |     2 ||     4
         Kick              |     2 |       ||     2
         Tentacles         |    14 |    11 ||    25
   Cast: Beastly Appendage |     4 |       ||     4
         Spider Form       |       |     6 ||     6
Ability: Lunge             |       |     4 ||     4
   Stab: Sleeping          |     4 |     4 ||     8
 Armour: Skin              |     4 |     2 ||     6
  Dodge: Dodged            |    31 |    47 ||    78

Table legend: (Time is in decaauts)
 A = Elapsed time spent in this place.
 B = Non-inter-level travel time spent in this place.
 C = Inter-level travel time spent in this place.
 D = Time resting spent in this place.
 E = Time spent auto-exploring this place.
 F = Levels seen in this place.
 G = Mean time per level.
                   A        B        C        D        E       F      G
               +--------+--------+--------+--------+--------+-----+--------+
         Total |   3281 |   3092 |    189 |    382 |   2106 |   5 |  656.2 |
       Dungeon |   3281 |   3092 |    189 |    382 |   2106 |   5 |  656.2 |
               +--------+--------+--------+--------+--------+-----+--------+

Top non-repeatable levels by time:
     D:4: 974 daAuts
     D:3: 826 daAuts
     D:1: 626 daAuts
     D:2: 480 daAuts
     D:5: 375 daAuts
